 Dungeon Crawl Stone Soup version 0.28-a0-71-g84acfa7270 (console) character file.

Game seed: 4731729558972991081

4944 FIQ the Thaumaturge (level 10, -2/109 HPs)
             Began as a Djinni Fire Elementalist on July 19, 2021.
             Was an Initiate of Makhleb.
             Slain by a +0 spear of chaos (7 damage)
             ... on level 8 of the Dungeon on July 31, 2021.
             The game lasted 00:29:03 (9718 turns).

FIQ the Thaumaturge (Djinni Fire Elementalist)      Turns: 9718, Time: 00:29:03

Health: -2/109     AC: 29    Str:  7    XL:     10   Next: 81%
Gold:   70         EV:  2    Int: 20    God:    Makhleb [......] SH:  0 Dex: 14

rFire   x . .      SeeInvis .   A - +6 flail (protect)
rCold   + . .      Faith    .   (no shield)
rNeg    + + +      Spirit   .   (armour currently unavailable)
rPois   ∞          Reflect  .   (helmet currently unavailable)
rElec   .          Harm     .   (cloak currently unavailable)
rCorr   .          Rampage  .   (gloves currently unavailable)
Will    +....      NoTele   +   (boots unavailable)
Stlth   ++........              E - amulet of regeneration
HPRegen 1.28/turn               b - +4 ring of protection
MPRegen 0.00/turn               q - ring of ice

@: mighty, brilliant, agile, tree-form, attractive, very slightly contaminated,
invisible (expiring)
A: stationary, stasis, torment immunity, boosted hp, sickness immunity, (fire
resistance 2), (cold vulnerability 1), float, innate caster, hp casting, extra
vitality 1
a: Renounce Religion


You were on level 8 of the Dungeon.
You worshipped Makhleb.
Makhleb was noncommittal.
You were a tree.
You visited 2 branches of the dungeon, and saw 9 of its levels.

You collected 430 gold pieces.
You spent 360 gold pieces at shops.

Inventory:

Hand Weapons
 A - a +6 flail of protection (weapon)
Armour
 t - a +0 helmet (melded)
 v - a +0 troll leather armour (melded)
 y - the +0 robe "Buwonis" {Will+ Str+4 Dex+4}
   (You found it on level 5 of the Dungeon)

   Str:       It affects your strength (+4).
   Dex:       It affects your dexterity (+4).
   Will:      It increases your willpower.
 B - the +3 leather armour of the Thistle {Harm Rampage rPois}
   (You found it on level 6 of the Dungeon)

   rPois:     It protects you from poison.
   Harm:      It increases damage dealt and taken.
   Rampage:   It bestows one free step when moving towards enemies.
 F - a +0 pair of gloves (melded)
Jewellery
 b - a +4 ring of protection (left branch)
 j - a ring of fire
 q - a ring of ice (right branch)
 E - an amulet of regeneration (around neck)
Wands
 a - a wand of iceblast (11)
 k - a wand of flame (16)
 G - a wand of charming (10)
Scrolls
 e - a scroll of immolation {unknown}
 f - a scroll of summoning {unknown}
 g - a scroll of torment {unknown}
 l - 2 scrolls of noise {unknown}
 o - 2 scrolls of blinking {unknown}
 p - 2 scrolls of vulnerability {unknown}
 r - a scroll of fog {unknown}
 s - 2 scrolls of acquirement {unknown}
 u - 3 scrolls of identify {unknown}
 w - 2 scrolls of amnesia {unknown}
 x - 2 scrolls of enchant armour {unknown}
 C - a scroll of enchant weapon {unknown}
 D - a scroll of teleportation {unknown}
Potions
 c - a potion of curing
 m - a potion of brilliance
 n - 2 potions of lignification
 z - 2 potions of haste {unknown}
 H - a potion of magic {unknown}


   Skills:
 + Level 6.9 Fighting
 + Level 5.6 Armour
 + Level 8.0 Dodging
 - Level 1.5 Stealth
 * Level 8.1 Spellcasting


You couldn't memorise any spells.
You knew the following spells:

 Your Spells              Type           Power      Damage    Failure   Level
a - Foxfire               Conj/Fire      100%       2x1d9     1%          1
b - Conjure Flame         Conj/Fire      57%        6-21      1%          3
c - Inner Flame           Hex/Fire       57%        N/A       1%          3
d - Sticky Flame          Conj/Fire      57%        2d7       3%          4
e - Fireball              Conj/Fire      28%        3d12      9%          5
f - Freeze                Ice            100%       1d11      1%          1
g - Slow                  Hex            57%        N/A       1%          2
h - Swiftness             Air            57%        N/A       1%          3
i - Gell's Gravitas       Tloc           28%        N/A       1%          3
Your spell library was empty.

Dungeon Overview and Level Annotations

Branches:
Dungeon (8/15)             Temple (1/1) D:6
   Lair: D:8-11

Altars:
Ashenzari
Cheibriados
Dithmenos
Elyvilon
Fedhas
Gozag
Hepliaklqana
Kikubaaqudgha
Makhleb
Nemelex Xobeh
Okawaru
Qazlal
Ru
Sif Muna
Trog
Uskayaw
Vehumet
Wu Jian
Xom
Yredelemnul
Zin
The Shining One

Shops:
D:7 =

Annotations:
D:8 tape's ghost, novice HuFi


Innate Abilities, Weirdness & Mutations

You are a tree.
Your roots penetrate the ground, keeping you stationary.
You cannot be teleported.
You are immune to unholy pain and torment.
Your maximum health is greatly increased.
Your equipment is partially melded.
You are immune to sickness and miasma.
You are immune to poison.
((Your flesh is very heat resistant. (rF++)))
((You are vulnerable to cold. (rC-)))
You float through the air rather than walking.
You learn spells naturally, not from books.
Your magical power is your life essence.
You have superior vitality. (+4 HP)


Message History

Tape's ghost hits you but does no damage.
The +0 spear of chaos barely misses you.
Tape's ghost hits you but does no damage.
You sock the +0 spear of chaos!
Your weapon exudes an aura of protection.
The +0 spear of chaos is heavily damaged.
The +0 spear of chaos hits you but does no damage.
The +0 spear of chaos hits you.
* * * LOW HITPOINT WARNING * * *
You are electrocuted!
* * * LOW HITPOINT WARNING * * *
The +0 spear of chaos hits you but does no damage.
You miss the +0 spear of chaos.
The +0 spear of chaos is heavily damaged.
The +0 spear of chaos hits you but does no damage.
Tape's ghost says, "You can hit me, but you can't hurt me."
Tape's ghost hits you but does no damage.
The +0 spear of chaos hits you but does no damage.
Tape's ghost hits you.
* * * LOW HITPOINT WARNING * * *
You closely miss the +0 spear of chaos.
The +0 spear of chaos is heavily damaged.
Tape's ghost hits you but does no damage.
The +0 spear of chaos is pulled toward you!
You closely miss the +0 spear of chaos.
The +0 spear of chaos is heavily damaged.
You flicker for a moment.
Tape's ghost barely misses you. Tape's ghost hits you.
* * * LOW HITPOINT WARNING * * *
The +0 spear of chaos is pulled toward you!
You barely miss the +0 spear of chaos.
The +0 spear of chaos is heavily damaged.
The +0 spear of chaos hits you!
* * * LOW HITPOINT WARNING * * *
The +0 spear of chaos burns you.
* * * LOW HITPOINT WARNING * * *
The +0 spear of chaos hits you but does no damage.
Tape's ghost hits you but does no damage.
The +0 spear of chaos hits you!
You die...

#.......# ##
#.......#
#.......# ###
###..#### ....
##.##.### ####
#.##.#.## ...
########.#..'_.#
#.
#...........#$##
#.
#....♣(.....###
#. #....W.....##
.#. #..........#
......
##########.#
###+#) #..# ....
##.# ..... ..
...... .# ......
......


You could see a +0 spear of chaos and tape's ghost.

Vanquished Creatures
  A two-headed ogre (D:8)
  Psyche (D:8)
  A troll (D:5)
  Sigmund (D:6)
  A wyvern (D:8)
  6 yaks (D:7)
  Edmund (D:6)
  2 orc warriors
  3 sky beasts (D:6)
  A black bear (D:4)
  A hornet zombie (D:7)
  A necrophage (D:6)
  A centaur (D:7)
  2 ogres (D:5)
  4 bullfrogs
  A water moccasin zombie (D:5)
  2 howler monkeys (D:8)
  4 wights (D:7)
  A vampire bat (D:5)
  The ghost of Wizop the Insei, a weakling DsTm (D:3)
  2 jellies
  2 hounds
  A gnoll shaman (D:7)
  4 orc priests
  2 centaur skeletons
  A bullfrog skeleton (D:7)
  Jessica (D:3)
  An iguana (D:5)
  5 orc wizards
  2 hound skeletons (D:4)
  Robin (D:3)
  A howler monkey zombie (D:7)
  9 gnolls
  A howler monkey skeleton (D:7)
  9 adders
  An ufetubus (D:5)
  2 worms
  2 dart slugs (D:2)
  3 fire bats (D:5)
  26 orcs
  2 spectral bats (D:5)
  3 bat skeletons (D:5)
  A bat zombie (D:5)
  4 endoplasms
  A giant cockroach (D:1)
  17 goblins
  6 hobgoblins
  6 jackals
  5 kobolds
  3 quokkas
  5 ball pythons
  14 bats
  A bat simulacrum (D:5)
  3 frilled lizards
  8 rats
191 creatures vanquished.

Vanquished Creatures (others)
  1017 foxfires
  2 withered plants (D:3)
1019 creatures vanquished.

Grand Total: 1210 creatures vanquished

Notes
Turn   | Place    | Note
-------+----------+-------------------------------------------
     0 | D:1      | FIQ the Djinni Fire Elementalist began the quest for the
                  | Orb.
     0 | D:1      | Reached XP level 1. HP: 15/15 MP: 0/0
   691 | D:1      | Reached XP level 2. HP: 19/22 MP: 0/0
  1686 | D:1      | Reached XP level 3. HP: 25/26 MP: 0/0
  1686 | D:1      | Learned a level 1 spell: Freeze
  1766 | D:1      | Reached skill level 1 in Fighting
  2778 | D:2      | Reached XP level 4. HP: 31/32 MP: 0/0
  3377 | D:3      | Noticed Robin
  3396 | D:3      | Killed Robin
  4020 | D:3      | Reached XP level 5. HP: 24/38 MP: 0/0
  4020 | D:3      | Learned a level 2 spell: Slow
  4538 | D:3      | Noticed Jessica
  4543 | D:3      | Killed Jessica
  4847 | D:3      | Noticed Wizop's ghost (weakling DsTm)
  4848 | D:3      | Found a runed translucent door.
  5412 | D:3      | Killed Wizop's ghost
  5413 | D:3      | Reached XP level 6. HP: 24/45 MP: 0/0
  5908 | D:4      | Noticed a black bear
  5914 | D:4      | Killed a black bear
  5915 | D:4      | Reached XP level 7. HP: 44/49 MP: 0/0
  5915 | D:4      | Learned a level 3 spell: Swiftness
  6264 | D:5      | Entered Level 5 of the Dungeon
  6541 | D:5      | Noticed a troll
  6548 | D:5      | Killed a troll
  6629 | D:5      | Reached skill level 5 in Spellcasting
  6629 | D:5      | Reached XP level 8. HP: 27/58 MP: 0/0
  6723 | D:5      | Reached skill level 5 in Dodging
  6747 | D:5      | Reached skill level 1 in Armour
  7436 | D:5      | Identified the +0 robe "Buwonis" {Will+ Str+4 Dex+4}
  7575 | D:6      | Reached XP level 9. HP: 46/63 MP: 0/0
  7575 | D:6      | Learned a level 3 spell: Gell's Gravitas
  7601 | D:6      | Noticed Edmund
  7622 | D:6      | Killed Edmund
  7671 | D:6      | Noticed Sigmund
  7675 | D:6      | Killed Sigmund
  7676 | D:6      | Reached skill level 5 in Fighting
  7844 | D:6      | Identified the +3 leather armour of the Thistle {Harm
                  | Rampage rPois}
  8055 | D:6      | Found a staircase to the Ecumenical Temple.
  8072 | Temple   | Entered the Ecumenical Temple
  8546 | D:7      | Found Cumakhlis's Jewellery Emporium.
  8551 | D:7      | Upgraded the game from 0.27-a0-1591-gc56fcc985a to
                  | 0.28-a0-71-g84acfa7270
  8551 | D:7      | Bought an amulet of regeneration for 360 gold pieces
  8935 | D:7      | Reached XP level 10. HP: 65/72 MP: 0/0
  9048 | D:7      | Reached skill level 5 in Armour
  9161 | D:7      | Found a shimmering altar of Xom.
  9161 | D:7      | Found a sparkling altar of Nemelex Xobeh.
  9168 | D:7      | Found a faded altar of an unknown god.
  9170 | D:7      | Found a burning altar of Makhleb.
  9172 | D:7      | Found a hazy altar of Hepliaklqana.
  9432 | D:7      | Became a worshipper of Makhleb the Destroyer
  9539 | D:8      | Found an iron altar of Okawaru.
  9584 | D:8      | Noticed Psyche
  9591 | D:8      | Killed Psyche
  9603 | D:8      | Noticed a two-headed ogre
  9612 | D:8      | Killed a two-headed ogre
  9685 | D:8      | Found a runed translucent door.
  9685 | D:8      | Found a shimmering altar of Xom.
  9685 | D:8      | Noticed tape's ghost (novice HuFi)
  9685 | D:8      | Noticed a +0 spear of chaos
  9718 | D:8      | HP: 5/109 [+0 spear of chaos (6)]
  9718 | D:8      | Slain by a +0 spear of chaos

Illustrated notes

Levels and vault maps discovered:
D:1:      dpeg_arrival_simpleton_c, layout_loops_ring
D:2:      layout_loops_ring, chequers_serial_rivers_micro_c
D:3:      kennysheep_big_flooded_room, layout_basic,
          mainiacjoe_overflow_24_doors, gammafunk_ghost_grave, uniq_jessica,
          uniq_robin
D:4:      layout_rooms, minivault_24
D:5:      layout_basic, amcnicky_mini_rare_corridor_liquid, goddamned_bats
D:6:      layout_rooms, minmay_temple_entry_sparse_star,
          sigmund_edmund_badplayer
D:7:      layout_loops_ring, chequers_temple_overflow_minitemple, serial_shops,
          shop
D:8:      layout_basic, okawaru_gym_becter, ebering_ghost_xom, uniq_psyche
Temple:   eino_temple_rhombus

Skill      XL: |  1  2  3  4  5  6  7  8  9 10 |
---------------+-------------------------------+-----
Fighting       | 1 2 3 4 5 6 |  6.9
Spellcasting   | 3 4 5 7 8 |  8.1
Dodging        | 3 4 5 6 8 |  8.0
Armour         | 2 4 5 |  5.6
Stealth        | |  1.5

Action                   |  1- 3 |  4- 6 |  7- 9 | 10-12 || total
-------------------------+-------+-------+-------+-------++-------
Melee: Club              |       |       |     5 |       ||     5
       Flail             |       |       |    19 |    73 ||    92
 Cast: Foxfire           |   131 |   130 |   283 |    84 ||   628
       Freeze            |       |    35 |    36 |       ||    71
       Slow              |       |       |     9 |       ||     9
       Sticky Flame      |       |       |     3 |       ||     3
       Inner Flame       |       |       |     3 |       ||     3
       Swiftness         |       |       |     1 |       ||     1
       Gell's Gravitas   |       |       |     1 |     1 ||     2
  Use: Potion            |       |       |       |     6 ||     6
Armor: Robe              |     3 |     5 |       |       ||     8
       Troll leather arm |       |       |    74 |    47 ||   121
       Skin              |       |       |       |    24 ||    24
Dodge: Dodged            |    13 |    20 |   163 |    67 ||   263

Table legend: (Time is in decaauts)
 A = Elapsed time spent in this place.
 B = Non-inter-level travel time spent in this place.
 C = Inter-level travel time spent in this place.
 D = Time resting spent in this place.
 E = Time spent auto-exploring this place.
 F = Levels seen in this place.
 G = Mean time per level.
                   A        B        C        D        E       F      G
               +--------+--------+--------+--------+--------+-----+--------+
         Total |   9756 |   9232 |    524 |      0 |   7785 |   9 | 1084.0 |
       Dungeon |   9572 |   9069 |    503 |      0 |   7623 |   8 | 1196.5 |
        Temple |    184 |    164 |     20 |      0 |    162 |   1 |  184.0 |
               +--------+--------+--------+--------+--------+-----+--------+

Top non-repeatable levels by time:
     D:1: 1969 daAuts
     D:3: 1941 daAuts
     D:2: 1747 daAuts
     D:5: 1180 daAuts
     D:7: 1068 daAuts
     D:6: 828 daAuts
     D:4: 601 daAuts
     D:8: 235 daAuts
  Temple: 184 daAuts
